 Dungeon Crawl Stone Soup version 0.30-a0-760-g5a9884bb7c (webtiles) character file.

Game seed: 4165872036694969033

1068468 FallingFreak the Ogre Mage (level 27, -16/340 (419) HPs)
             Began as an Ogre Warper on Jan 29, 2023.
             Was the Champion of the Shining One.
             Killed from afar by a Hell Sentinel (28 damage)
             ... with damnation
             ... on level 6 of the Iron City of Dis on Feb 11, 2023.
             The game lasted 23:05:26 (103097 turns).

FallingFreak the Ogre Mage (Ogre Warper)          Turns: 103097, Time: 23:05:26

HP:   -16/340 (419) AC: 19    Str: 19 (23) XL:     27
MP:   37/58         EV: 12    Int: 24 (34) God:    the Shining One [******]
Gold: 4582          SH:  0    Dex:  4 (12) Spells: 9/80 levels left

rFire   + . .      SeeInvis .    q - +3 giant spiked club (heavy)
rCold   + + .      Faith    .    (shield currently unavailable)
rNeg    + + +      Spirit   .    (body armour currently unavailable)
rPois   ∞          Reflect  .    o - +3 hat of Pondering {ponderous, Will+ MP+10 Int+5}
rElec   +          Harm     .    t - scarf {rC+ rF+}
rCorr   +          Rampage  .    (gloves unavailable)
Will    ++++.                    (boots unavailable)
Stlth   +                        l - amulet of regeneration {@P0}
HPRegen 1.56/turn                L - ring "Muthif" {+Blink rC+ rN+ rCorr Dex+4}
MPRegen 0.36/turn                u - ring "Horhocze" {Wiz Int+5, @P1>}

@: statue-form, corroded, glowing, heavily drained, very slow
A: slow and powerful, torment resistance 1, boosted hp, large, unfitting armour,
(tough skin 1), low MP 1, strong-willed 1, sturdy frame 1
}: 12/15 runes: decaying, serpentine, slimy, silver, golden, bone, abyssal,
demonic, glowing, magical, fiery, dark
a: End Transformation, Renounce Religion, Evoke Blink, Divine Shield, Cleansing
Flame, Summon Divine Warrior


You were on level 6 of the Iron City of Dis.
You worshipped the Shining One.
The Shining One was exalted by your worship.
You were a living statue of rough stone.
You visited 15 branches of the dungeon, and saw 68 of its levels.
You visited Pandemonium 3 times, and saw 17 of its levels.
You visited the Abyss 5 times.
You visited 1 ziggurat, and saw 9 of its levels.
You also visited: Sewer and Desolation.

You collected 11204 gold pieces.
You spent 6622 gold pieces at shops.

Inventory:

Hand Weapons
 a - a +9 giant spiked club of holy wrath
 b - a +9 spectral giant spiked club
 c - a +0 giant spiked club of venom
 q - a +3 heavy giant spiked club (weapon)
 s - the +7 great mace "Firestarter" {flame, inner flame, rFlCloud rF++}
   (You found it in the Desolation of Salt)

   rFlCloud:  It grants immunity to clouds of flame.
   rF:        It greatly protects you from fire.
 w - the +3 Elemental Staff {rElec rF++ rC++ AC+5}
   (You found it on level 5 of the Lair of Beasts)

   It enhances your fire, ice, earth and air magic.
   AC:        It affects your AC (+5).
   rF:        It greatly protects you from fire.
   rC:        It greatly protects you from cold.
   rElec:     It insulates you from electricity.
Missiles
 E - 139 large rocks
 I - 13 javelins
 K - 13 silver javelins
Armour
 o - the +3 hat of Pondering (worn) {ponderous, Will+ MP+10 Int+5}
   (You found it on level 3 of the Elven Halls)

   Int:       It affects your intelligence (+5).
   MP:        It affects your magic capacity (+10).
   Will:      It increases your willpower.
 t - a scarf of resistance (worn)
 U - the +1 acid dragon scales "Jeaseble" (melded) {rN+ rCorr Int+6}
   (You took it off an ironbound convoker on level 3 of the Vaults)

   Int:       It affects your intelligence (+6).
   rN:        It protects you from negative energy.
   rCorr:     It protects you from acid and corrosion.
Jewellery
 l - an amulet of regeneration (around neck) {@P0}
 r - the ring "Napi" {Fly rF+}
   (You found it in the Desolation of Salt)

   [ring of flight]

   rF:        It protects you from fire.
   Fly:       It grants you flight.
 u - the ring "Horhocze" (right fist) {Wiz Int+5, @P1>}
   (You found it in the Desolation of Salt)

   [ring of wizardry]

   It improves your spell success rate.
   Int:       It affects your intelligence (+5).
 v - the ring "Heqakewn" {Fire MP+9 Dex+2}
   (You found it on level 7 of Tartarus)

   [ring of fire]

   It enhances your fire magic.
   Dex:       It affects your dexterity (+2).
   rF:        It protects you from fire.
   rC:        It makes you vulnerable to cold.
   MP:        It affects your magic capacity (+9).
 L - the ring "Muthif" (left fist) {+Blink rC+ rN+ rCorr Dex+4}
   (You found it on level 3 of the Crypt)

   [ring of protection from cold]

   Dex:       It affects your dexterity (+4).
   rC:        It protects you from cold.
   rN:        It protects you from negative energy.
   +Blink:    It lets you blink.
   rCorr:     It protects you from acid and corrosion.
 N - the ring "Soiseih" {rPois rC+ Will+ Str+3}
   (You bought it in a shop on level 3 of the Vaults)

   [ring of poison resistance]

   Str:       It affects your strength (+3).
   rC:        It protects you from cold.
   rPois:     It protects you from poison.
   Will:      It increases your willpower.
 S - the ring "Fonos" {Fly rC+ Dex+6}
   (You bought it in a shop on level 3 of the Vaults)

   [ring of dexterity]

   Dex:       It affects your dexterity (+6).
   rC:        It protects you from cold.
   Fly:       It grants you flight.
Wands
 i - a wand of digging (15)
 n - a wand of iceblast (65)
 p - a wand of quicksilver (29)
 O - a wand of paralysis (45)
Scrolls
 f - 8 scrolls of blinking
 g - 21 scrolls of teleportation
 h - 13 scrolls of magic mapping
 y - 15 scrolls of fog
 F - 11 scrolls of fear
 G - 19 scrolls of poison
 H - 13 scrolls of immolation
 R - 10 scrolls of vulnerability
 T - 6 scrolls of silence
 V - 2 scrolls of summoning
Potions
 d - 7 potions of haste
 e - 16 potions of heal wounds
 x - 8 potions of magic
 z - 39 potions of curing
 A - 6 potions of cancellation
 C - 10 potions of mutation
 D - 9 potions of lignification
 Q - 3 potions of resistance
 X - 13 potions of brilliance
 Z - 7 potions of might
Miscellaneous
 j - a box of beasts
 k - a lightning rod (4/4)
 m - a phantom mirror
 Y - a figurine of a ziggurat {@v8}


   Skills:
 O Level 27 Fighting
 + Level 26.7 Maces & Flails
 - Level 4.5 Throwing
 - Level 10.7 Armour
 + Level 19.2 Dodging
 - Level 7.1 Stealth
 O Level 27 Spellcasting
 - Level 0.7 Conjurations
 + Level 15.4 Translocations
 - Level 10.1 Transmutations
 - Level 22.6 Earth Magic
 + Level 15.2 Invocations
 - Level 6.9 Evocations


You had 9 spell levels left.
You knew the following spells:

 Your Spells              Type           Power      Damage    Failure   Level
a - Disjunction           Tloc           41%        N/A       4%          8
c - Blink                 Tloc           100%       N/A       0%          2
d - Portal Projectile     Hex/Tloc       100%       N/A       1%          3
e - Kindle Blastsparks    Fire/Tloc/Air  100%       2d18      1%          3
g - Manifold Assault      Tloc           82%        N/A       0%          4
t - Irradiate             Conj/Tmut      27%        3d20      1%          5
x - Shatter               Erth           48%        3d37*     3%          9
z - Statue Form           Tmut/Erth      56%        N/A       1%          6
A - Lehudib's Crystal Sp  Conj/Erth      36%        10d9      21%         8
B - Lee's Rapid Deconstr  Erth           48%        3d23*     0%          5
C - Apportation           Tloc           100%       N/A       0%          1
E - Passage of Golubria   Tloc           82%        N/A       0%          4
F - Yara's Violent Unrav  Hex/Tmut       27%        3d12      1%          5
H - Eringya's Noxious Bo  Tmut/Pois      27%        N/A       8%          6
Z - Lesser Beckoning      Tloc           100%       N/A       0%          2

Your spell library contained the following spells:

 Spells                   Type           Power      Damage    Failure   Level
 Beastly Appendage        Tmut           100%       N/A       0%          1
 Wereblood                Tmut           69%        N/A       0%          2
 Stone Arrow              Conj/Erth      100%       3d13      0%          3
 Teleport Other           Tloc           82%        N/A       0%          3
 Petrify                  Tmut/Erth      84%        N/A       0%          4
 Foxfire                  Conj/Fire      100%       2x1d9     1%          1
 Freeze                   Ice            100%       1d10      1%          1
 Kiss of Death            Conj/Necr      100%       2d13      1%          1
 Shock                    Conj/Air       100%       1d9       1%          1
 Sting                    Tmut/Pois      100%       1d8       1%          1
 Summon Small Mammal      Summ           100%       N/A       1%          1
 Cigotuvi's Dreadful Rot  Necr/Pois/Air  64%        N/A       1%          2
 Ensorcelled Hibernation  Hex/Ice        64%        N/A       1%          2
 Momentum Strike          Conj/Tloc      100%       3d10      1%          2
 Poisonous Vapours        Pois/Air       64%        N/A       1%          2
 Scorch                   Fire           64%        2d8       1%          2
 Searing Ray              Conj           70%        2d7       1%          2
 Sublimation of Blood     Necr           32%        N/A       1%          2
 Call Canine Familiar     Summ           32%        N/A       1%          3
 Dazzling Flash           Conj/Hex       68%        N/A       1%          3
 Frozen Ramparts          Ice            64%        1d10      1%          3
 Hailstorm                Conj/Ice       34%        3d9       1%          3
 Inner Flame              Hex/Fire       32%        N/A       1%          3
 Mephitic Cloud           Conj/Pois/Air  33%        N/A       1%          3
 Spider Form              Tmut/Pois      54%        N/A       1%          3
 Summon Guardian Golem    Hex/Summ       32%        N/A       1%          3
 Swiftness                Air            32%        N/A       1%          3
 Tukima's Dance           Hex            32%        N/A       1%          3
 Vhi's Electric Charge    Tloc/Air       100%       N/A       1%          3
 Animate Armour           Summ/Erth      100%       N/A       1%          4
 Ice Form                 Ice/Tmut       54%        N/A       1%          4
 Iskenderun's Mystic Bla  Conj/Tloc      63%        2d13      1%          4
 Leda's Liquefaction      Hex/Erth       36%        N/A       1%          4
 Alistair's Intoxication  Tmut/Pois      36%        N/A       1%          5
 Blade Hands              Tmut           34%        N/A       1%          5
 Borgnjor's Vile Clutch   Necr/Erth      36%        N/A       1%          5
 Dispersal                Tloc           41%        N/A       1%          6
 Airstrike                Air            16%        2d(3-19)  3%          4
 Anguish                  Hex/Necr       16%        N/A       3%          4
 Animate Dead             Necr           32%        N/A       3%          4
 Cause Fear               Hex            16%        N/A       3%          4
 Flame Wave               Conj/Fire      34%        2d10      3%          4
 Fulminant Prism          Conj/Hex       17%        3d11      3%          4
 Olgreb's Toxic Radiance  Pois           32%        N/A       3%          4
 Summon Ice Beast         Ice/Summ       32%        N/A       3%          4
 Summon Lightning Spire   Summ/Air       32%        N/A       3%          4
 Arcjolt                  Conj/Air       17%        1d27      9%          5
 Fireball                 Conj/Fire      17%        3d9       9%          5
 Lightning Bolt           Conj/Air       17%        1d31      9%          5
 Agony                    Necr           32%        N/A       11%         5
 Metabolic Englaciation   Hex/Ice        16%        N/A       11%         5
 Silence                  Hex/Air        16%        N/A       11%         5
 Summon Mana Viper        Hex/Summ       32%        N/A       11%         5
 Storm Form               Tmut/Air       27%        N/A       36%         7
 Conjure Ball Lightning   Conj/Air       17%        3x3d6     43%         6
 Starburst                Conj/Fire      17%        6d6       43%         6
 Simulacrum               Ice/Necr       16%        N/A       45%         6
 Summon Cactus Giant      Summ           16%        N/A       45%         6
 Orb of Destruction       Conj           17%        9d7       90%         7
 Spellforged Servitor     Conj/Summ      17%        N/A       92%         7
 Enfeeble                 Hex            16%        N/A       95%         7
 Haunt                    Necr/Summ      16%        N/A       95%         7
 Summon Hydra             Summ           16%        N/A       95%         7
 Discord                  Hex            16%        N/A       100%        8
 Infestation              Necr           16%        N/A       100%        8
 Maxwell's Capacitive Co  Air            16%        ∞         100%        8
 Chain Lightning          Conj/Air       17%        3d22      100%        9
 Death's Door             Necr           16%        N/A       100%        9
 Fire Storm               Conj/Fire      17%        8d4       100%        9


Dungeon Overview and Level Annotations

Branches:
Dungeon (15/15) Zot: 23015  Temple (1/1) D:6 Zot: 5615    Lair (5/5) D:8 Zot: 19219
  Swamp (4/4) Lair:3 Zot: 18852   Snake (4/4) Lair:3 Zot: 17416   Slime (5/5) Lair:5 Zot: 24555
    Orc (2/2) D:10 Zot: 7335     Elf (3/3) Orc:2 Zot: 11174  Vaults (5/5) D:14 Zot: 14621
  Crypt (3/3) Vaults:2 Zot: 12413    Tomb (3/3) Crypt:3 Zot: 12913  Depths (4/4) D:15 Zot: 11004
   Hell (visited)             Dis (6/7) Hell Zot: 25828     Geh (0/7) Hell
    Coc (0/7) Hell            Tar (7/7) Hell Zot: 25828     Zot (0/5) Depths:4
  Sewer (visited)         Desolation (visited)

Altars:
Ashenzari
Cheibriados
Dithmenos
Elyvilon
Fedhas
Gozag
Hepliaklqana
Kikubaaqudgha
Makhleb
Nemelex Xobeh
Okawaru
Qazlal
Ru
Sif Muna
Trog
Uskayaw
Vehumet
Wu Jian
Xom
Yredelemnul
Zin
The Shining One
Jiyva

Shops:
D:6 (   D:9 :   Orc:2 [:=!?   Snake:1 (   Vaults:1 (   Vaults:3 !?:=
Vaults:4 ?   Depths:1 (*   Depths:2 [[

Portals:
Hell: Depths:1 Depths:2 Depths:3 Depths:4
Abyss: Depths:3
Pandemonium: Depths:2

Annotations:
D:4 1 runed translucent door, Dittersdorf's ghost, amateur GrFi
Slime:5 Royal Jelly
Elf:2 3 runed translucent doors, exclusion: door
Vaults:1 1 runed translucent door, Kydext's ghost, veteran HuDe


Innate Abilities, Weirdness & Mutations

You are a living statue of rough stone.
Your actions are slow, but your melee attacks are powerful.
You are resistant to unholy torment.
Your maximum health is greatly increased.
You are immune to poison.
Your equipment is partially melded.
You are too large for most types of armour.
((You have tough skin. (AC +1)))
Your magical capacity is low. (-10% MP)
You are strong-willed. (Will+)
Your movements are slightly less encumbered by armour. (ER -2)


Message History

You feel your power returning.
You stick the Hell Sentinel like a pincushion!!!
You kill the Hell Sentinel!
The Shining One accepts your kill.
You feel your power returning.
You pound the Hell Sentinel like an anvil!!!!
The caustic shrike blinks!
The Hell Sentinel gestures at you.
The sphere of damnation explodes!
The damnation engulfs you!!!
* * * LOW HITPOINT WARNING * * *
Casting: Manifold Assault (safe; 0% risk of failure)
Press: ? - help, Q - select action, (/) - cycle Dir - look around, f - activate Space momentarily warps into an impossible shape!
You impale the Hell Sentinel!!
The Hell Sentinel blinks!
The translocation energy dissipates.
The caustic shrike claws you!!
* * * LOW HITPOINT WARNING * * *
You are splashed with acid.
You resist.
* * * LOW HITPOINT WARNING * * *
Casting: Manifold Assault (safe; 0% risk of failure)
Press: ? - help, Q - select action, (/) - cycle Dir - look around, f - activate Space momentarily warps into an impossible shape!
You sock the Hell Sentinel!
You skewer the caustic shrike like a kebab!!!!
You kill the caustic shrike!
Casting: Manifold Assault (safe; 0% risk of failure)
Press: ? - help, Q - select action, (/) - cycle Dir - look around, f - activate Space momentarily warps into an impossible shape!
You hit the Hell Sentinel. You puncture the Hell Sentinel!
The Hell Sentinel gestures at you.
The sphere of damnation explodes!
The damnation engulfs you!!!
* * * LOW HITPOINT WARNING * * *
The Hell Sentinel gestures at you.
The sphere of damnation explodes!
The damnation engulfs you!
* * * LOW HITPOINT WARNING * * *
The Hell Sentinel gestures at you.
The sphere of damnation explodes!
The damnation engulfs you!!
You die...

#...#
#8..#
#..#..#
.....
..#
.....#..
.
..#...#
..#
###.####
## #


You could see 2 Hell Sentinels.

Vanquished Creatures
  Cerebov (Pan)
  Ignacio (Pan)
  Ereshkigal (Tar:7)
  Mnoleg (Pan)
  6 dread liches
  8 pandemonium lords
  Lom Lobon (Pan)
  7 ancient liches
  2 orbs of fire (Zig:9)
  Khufu (Tomb:3)
  A juggernaut (Depths:3)
  27 royal mummies
  A shard shrike (Zig:6)
  A Killer Klown (Zig:3)
  13 caustic shrikes
  5 golden dragons
  Geryon (Hell)
  7 profane servitors
  32 bone dragons
  Jory (Vaults:3)
  An iron giant (Dis:4)
  13 Tzitzimimeh
  3 Brimstone Fiends (Pan)
  16 doom hounds
  Zenata (Vaults:1)
  8 Hell Sentinels
  6 Ice Fiends
  11 tentacled monstrosities
  Jorgrun (Swamp:1)
  A hellephant (Abyss:4)
  2 spectral shard shrikes
  Asterion (Vaults:1)
  16 tainted leviathans
  9 liches
  2 deep elf blademasters (Elf:3)
  A quicksilver dragon (Depths:3)
  Murray (Depths:2)
  8 titans
  12 acid blobs
  13 Executioners (Pan)
  12 sphinxes
  2 deep elf master archers (Elf:3)
  A kraken (Abyss:4)
  20 ancient champions
  12 shadow dragons
  12 tentacled starspawn
  4 thorn hunters
  Donald (Swamp:1)
  6 storm dragons
  Kirke (Snake:2)
  3 daevas (Depths:1)
  8 tengu reavers
  7 azure jellies
  12 fire giants
  4 demonspawn warmongers (Pan)
  7 nagarajas
  4 revenants
  A nargun (Zig:6)
  2 deep elf sorcerers (Elf:3)
  8 rockslimes
  6 frost giants
  5 quicksilver elementals
  18 vault wardens
  5 ghouls
  A draconian scorcher (Depths:4)
  3 ghost moths (Zig:7)
  3 iron dragons
  A caustic shrike zombie (Depths:2)
  The ghost of Iluiwk the Fencer, a journeyman DrEE of Sif Muna (D:15)
  2 imperial myrmidons (Desolation)
  2 spectral juggernauts
  5 spectral caustic shrikes
  3 curse skulls
  26 cacodemons
  5 orc warlords
  5 deep elf elementalists
  19 balrugs
  An angel (Abyss:1)
  7 war gargoyles
  4 draconian annihilators
  10 demonspawn corrupters
  12 quicksilver oozes
  23 reapers
  8 ironbound preservers
  2 spriggan defenders
  11 stone giants
  17 very ugly things
  11 ironbound thunderhulks
  7 demonspawn blood saints (Pan)
  3 green draconians (Depths:4)
  Nessos (D:14)
  11 deep elf annihilators
  8 deep elf demonologists
  6 dire elephants
  2 halazid warlocks (Desolation)
  4 eleionomae
  15 vampire knights
  13 spark wasps
  16 bennus
  7 demonspawn black suns (Pan)
  A lorocyproca (Abyss:1)
  14 putrid mouths
  2 wendigos (Zig:6)
  3 spectral titans
  2 purple draconians (Depths:4)
  A white draconian (Depths:4)
  29 eidola
  15 deep elf death magi
  27 blizzard demons
  A red draconian (Depths:4)
  3 crystal guardians (Dis:2)
  11 ettins
  20 mummy priests
  6 iron golems
  4 shambling mangroves
  3 merfolk impalers
  7 fire dragons
  5 spectral quicksilver dragons
  A quicksilver dragon zombie (Crypt:1)
  11 green deaths (Pan)
  A spriggan zombie (Tomb:3)
  A merfolk javelineer (Depths:3)
  37 vault guards
  4 jiangshi
  11 great orbs of eyes
  5 rakshasas
  2 kraken zombies (Hell)
  4 deep elf high priests
  4 spectral spriggans
  2 entropy weavers (Vaults:3)
  6 ragged hierophants (Desolation)
  8 yaktaur captains
  6 ice dragons
  3 hell beasts (Pan)
  A spectral shadow dragon (Crypt:3)
  A spriggan skeleton (Tomb:2)
  22 hydras
  8 spriggan air magi
  10 peacekeepers
  Erolcha (D:9)
  2 juggernaut simulacra (Pan)
  A hydra (shapeshifter) (Vaults:5)
  5 ogre magi
  9 servants of whispers (Desolation)
  8 centaur warriors
  A spectral stone giant (Crypt:3)
  4 catoblepae (Lair:5)
  A two-headed ogre (shapeshifter) (Vaults:5)
  6 anacondas
  3 ghost crabs
  11 ironbound frosthearts
  An anaconda (shapeshifter) (Zig:3)
  7 boulder beetles
  18 dancing weapons
  A spectral draconian (Tar:1)
  10 two-headed ogres
  12 deep troll shamans
  Erica (Lair:1)
  4 alligators
  9 tengu warriors
  4 hell hogs
  7 death knights
  10 deep troll earth magi
  12 death yaks
  14 naga warriors
  73 death scarabs
  8 naga sharpshooters
  8 vampire magi
  A titan zombie (Depths:4)
  41 soul eaters
  3 spriggan berserkers
  4 thrashing horrors
  3 spectral dire elephants
  19 hell knights
  6 shock serpents
  14 deep elf knights
  3 spectral storm dragons (Crypt:3)
  11 wretched stars
  A spectral bunyip (Tar:1)
  A titan skeleton (Crypt:1)
  2 salamander mystics (Snake:4)
  39 skeletal warriors
  44 sun demons
  11 iron trolls
  6 crystal echidnas
  2 pharaoh ants (Zig:7)
  3 death drakes
  A sun moth (Zig:5)
  4 fire crabs
  3 goliath frogs
  38 shadow wraiths
  23 sixfirhies
  A bunyip zombie (Hell)
  8 sea snakes
  16 shadow demons
  43 deep trolls
  2 spectral anacondas
  11 swamp dragons
  8 glowing orange brains
  8 flayed ghosts
  A spectral hydra (Tar:3)
  Pikel (D:3)
  2 naga ritualists
  3 cherubim
  A spectral iron dragon (Crypt:3)
  2 spriggan druids (Swamp:3)
  3 orb spiders
  4 anaconda zombies
  15 orc knights
  3 orange crystal statues
  2 obsidian statues (Zig:4)
  13 wizards
  16 deep elf archers
  14 lindwurms
  27 starcursed masses
  11 bog bodies
  4 bunyip skeletons (Swamp:4)
  17 necromancers
  26 ironbound convokers
  A wolf spider zombie (Crypt:2)
  23 phantasmal warriors
  3 mana vipers
  11 orc sorcerers (Orc:2)
  23 deep elf zephyrmancers
  31 ugly things
  A steelbarb worm (Zig:7)
  3 harpies (Vaults:1)
  10 salamanders
  23 deep elf pyromancers
  4 cyclopes
  An iron dragon zombie (Crypt:2)
  A shadow dragon skeleton (Depths:2)
  A draconian zombie (Hell)
  A spectral ice dragon (Tar:1)
  14 shining eyes
  8 manticores
  3 will-o-the-wisps
  A spectral fire dragon (Tar:1)
  3 oklob plants (Lair:5)
  4 spectral ettins
  2 moths of wrath
  3 spectral alligator snapping turtles (Crypt:3)
  5 spectral centaurs
  4 worldbinders
  A moth of wrath (shapeshifter) (Vaults:5)
  Joseph (D:8)
  An iron dragon skeleton (Depths:2)
  A stone giant zombie (Crypt:2)
  8 elephants
  A centaur zombie (Abyss:1)
  13 rust devils
  27 black mambas
  8 ice statues
  23 orange demons
  27 demonic crawlers
  A stone giant skeleton (Crypt:1)
  13 naga magi
  A molten gargoyle (Desolation)
  3 torpor snails
  3 apocalypse crabs
  20 vault sentinels
  A titan simulacrum (Crypt:3)
  A naga skeleton (Tomb:1)
  A torpor snail (shapeshifter) (D:15)
  38 smoke demons
  A storm dragon simulacrum (Tomb:3)
  8 guardian serpents
  A centaur skeleton (Crypt:2)
  2 elf zombies (Vaults:1)
  5 eyes of devastation
  10 cane toads
  2 kobold demonologists
  2 unseen horrors (shapeshifter)
  A dire elephant skeleton (Hell)
  An orc skeleton (Pan)
  A gargoyle (D:14)
  A rime drake (Lair:5)
  30 yaktaurs
  6 spectral nagas
  26 freezing wraiths
  6 komodo dragons
  An unseen horror zombie (Crypt:2)
  5 efreet
  3 tengu conjurers
  6 ice devils
  10 ancient zymes
  8 hellions
  A yaktaur (shapeshifter) (D:14)
  A sea snake zombie (Hell)
  2 hydra zombies (Hell)
  6 spectral harpies
  17 tormentors
  42 guardian mummies
  2 silent spectres
  A purple draconian skeleton (Crypt:1)
  8 trolls
  15 hellwings
  3 harpy zombies
  16 wind drakes (Pan)
  3 bloated husks
  6 red devils
  6 tyrant leeches
  A guardian serpent zombie (Crypt:2)
  5 polar bears
  56 saltlings (Desolation)
  A hydra skeleton (Hell)
  A harpy skeleton (Tomb:3)
  33 hornets
  5 dream sheep (Lair:5)
  2 alligator zombies (Hell)
  2 ettin zombies
  17 raiju
  143 slime creatures
  A centaur simulacrum (Crypt:3)
  2 jumping spiders
  25 flying skulls
  A merfolk skeleton (Hell)
  An air elemental (Elf:3)
  A black mamba zombie (Crypt:2)
  8 wraiths
  3 culicivoras
  9 spriggans
  11 water elementals
  A shadow (D:10)
  5 wyverns
  22 ynoxinuls
  An ice dragon skeleton (Crypt:3)
  16 ushabtiu
  62 yaks
  6 fire elementals
  9 fire bats
  4 basilisks
  15 neqoxecs
  4 golden eyes
  11 redbacks
  17 vampire mosquitoes
  26 chaos spawn
  53 large abominations
  38 nagas
  2 spriggan simulacra
  2 wargs
  An acid dragon (D:11)
  10 water moccasins
  5 floating eyes
  14 hell hounds
  13 swamp worms
  6 swamp drakes
  14 small abominations
  21 orc warriors
  3 ice beasts
  3 black bears
  3 ettin simulacra
  12 ogres
  A hornet zombie (Crypt:2)
  An ogre (shapeshifter) (Vaults:5)
  A blink frog zombie (Crypt:2)
  8 wolves
  3 boggarts (D:15)
  A swamp dragon skeleton (Swamp:4)
  15 centaurs
  A lemure (D:3)
  A blink frog skeleton (Crypt:2)
  An elf simulacrum (Vaults:1)
  A phantom (D:5)
  A kobold brigand (D:8)
  10 bullfrogs
  7 necrophages
  A gnoll sergeant (D:8)
  5 scorpions
  A draconian skeleton (Crypt:1)
  3 earth elementals
  A naga simulacrum (Crypt:3)
  A salamander skeleton (Crypt:3)
  4 wights (Abyss:1)
  A polar bear zombie (Crypt:1)
  5 killer bees
  6 electric eels
  5 howler monkeys
  17 jellies
  2 quasits (Abyss:1)
  17 orc priests
  A hound (D:6)
  2 iron imps
  5 iguanas
  47 orc wizards
  11 hell rats
  A human skeleton (Crypt:3)
  A tengu skeleton (Crypt:3)
  46 mummies
  A howler monkey skeleton (Crypt:3)
  7 adders
  4 gnolls
  A swamp drake zombie (Crypt:2)
  3 river rats (Sewer)
  A shadow imp (D:8)
  6 white imps
  5 ufetubi
  An adder zombie (Crypt:3)
  4 worms
  4 dart slugs
  76 orcs
  11 ball pythons
  A bat skeleton (Crypt:2)
  10 endoplasms
  8 giant cockroaches
  6 goblins
  5 hobgoblins
  3 jackals (Sewer)
  7 quokkas
  5 bats
  3 frilled lizards
  A goblin skeleton (Crypt:3)
  A hobgoblin zombie (Crypt:3)
  8 kobolds
  5 rats
  A rat skeleton (Crypt:3)
  4 ball lightnings (Pan)
  3 fire vortices
  A lurking horror (Abyss:3)
  6 starspawn tentacles
  5 tentacles (Abyss:4)
3589 creatures vanquished.

Vanquished Creatures (others)
  A titan (Pan)
  An eldritch tentacle (Pan)
  A deep elf annihilator (Pan)
  A dancing weapon (Elf:2)
  2 deep elf pyromancers (Elf:2)
  3 deep elf zephyrmancers
  A guardian serpent (Desolation)
  A titan simulacrum (Hell)
  A smoke demon (Pan)
  A freezing wraith (Hell)
  4 saltlings (Desolation)
  A harpy simulacrum (Hell)
  A hell rat (Hell)
  5 ball lightnings (Pan)
  A bush (Lair:5)
  A creeping inferno (Hell)
  2 fire vortices
  6 foxfires
  33 fungi
  128 plants
  26 starspawn tentacles
  14 tentacles (Abyss:4)
  5 withered plants
240 creatures vanquished.

Grand Total: 3829 creatures vanquished

Notes
Turn   | Place    | Note
-------+----------+-------------------------------------------
     0 | D:1      | FallingFreak the Ogre Warper began the quest for the Orb.
     0 | D:1      | Reached XP level 1. HP: 22/22 MP: 3/3
   229 | D:1      | Reached XP level 2. HP: 26/29 MP: 5/5
   235 | D:1      | Learned a level 2 spell: Blink
   503 | D:1      | Learned a level 2 spell: Lesser Beckoning
   625 | D:1      | Identified an amulet of regeneration
   741 | D:1      | Increase (s)trength, (i)ntelligence, or (d)exterity?
   741 | D:1      | Reached XP level 3. HP: 36/37 MP: 7/7
   963 | D:2      | Found a shimmering blue altar of Sif Muna.
  2356 | D:4      | Noticed a lemure
  2358 | D:4      | Noticed a lemure
  2365 | D:3      | Learned a level 3 spell: Teleport Other
  2391 | D:4      | Noticed a lemure
  2422 | D:4      | Reached XP level 4. HP: 45/45 MP: 8/8
  2581 | D:4      | Found a runed translucent door.
  2584 | D:4      | Noticed a bullfrog
  2662 | D:4      | Noticed Dittersdorf's ghost (amateur GrFi)
  2666 | D:4      | Noticed a lemure
  2700 | D:3      | Killed a lemure
  2754 | D:4      | Noticed Pikel
  2823 | D:3      | Killed Pikel
  2824 | D:3      | Reached XP level 5. HP: 34/55 MP: 6/11
  2824 | D:3      | Reached XP level 6. HP: 40/65 MP: 6/12
  2824 | D:3      | Reached XP level 7. HP: 44/71 MP: 6/13
  3528 | D:5      | Entered Level 5 of the Dungeon
  3567 | D:4      | Reached skill level 5 in Fighting
  3609 | D:5      | Found a glowing drain.
  3625 | Sewer    | Entered a sewer
  4372 | D:4      | Reached XP level 8. HP: 64/80 MP: 14/14
  4728 | D:5      | Reached skill level 5 in Spellcasting
  5580 | D:6      | Increase (s)trength, (i)ntelligence, or (d)exterity?
  5580 | D:6      | Reached XP level 9. HP: 77/92 MP: 17/17
  5728 | D:6      | Reached skill level 5 in Translocations
  5761 | D:6      | Found a staircase to the Ecumenical Temple.
  5781 | Temple   | Entered the Ecumenical Temple
  5970 | Temple   | Became a worshipper of Elyvilon the Healer
  6113 | Temple   | Reached skill level 5 in Dodging
  6332 | D:6      | Learned a level 4 spell: Manifold Assault
  6405 | D:6      | Identified the +0 leather armour of the Game Afoot {Str-4
                  | Int+3 Slay+6 Stlth+}
  6431 | D:6      | Found Pyacix's Weapon Boutique.
  6542 | D:6      | Found an ornate altar of the Wu Jian Council.
  6750 | D:7      | Reached * piety under Elyvilon
  6990 | D:6      | Reached skill level 5 in Maces & Flails
  7416 | D:7      | You miscast Lesser Beckoning.
  8514 | D:8      | Reached ** piety under Elyvilon
  8691 | D:8      | Reached XP level 10. HP: 47/104 MP: 20/20
  8788 | D:8      | Found a staircase to the Lair.
  9002 | D:8      | Found a blossoming altar of Fedhas.
  9253 | Lair:1   | Entered Level 1 of the Lair of Beasts
  9397 | D:9      | Learned a level 1 spell: Apportation
  9424 | D:9      | Noticed Erolcha
  9436 | D:8      | Reached skill level 1 in Invocations
 10060 | D:9      | Noticed Joseph
 10207 | D:9      | Found Ruobla's Book Boutique.
 10786 | D:10     | Entered Level 10 of the Dungeon
 11388 | D:10     | Reached XP level 11. HP: 78/115 MP: 21/21
 11406 | D:10     | Identified the +0 robe of the Thunderstorm {rF+ Dex+4}
 11502 | D:10     | Found a staircase to the Orcish Mines.
 11618 | D:10     | Reached *** piety under Elyvilon
 12132 | D:11     | You miscast Manifold Assault.
 12691 | D:11     | Reached **** piety under Elyvilon
 12752 | D:11     | Noticed a green ugly thing
 12753 | D:11     | Pacified a green ugly thing
 13542 | D:11     | Reached skill level 10 in Fighting
 13624 | D:10     | Reached skill level 5 in Invocations
 13859 | D:9      | Bought a book of the Earth for 432 gold pieces
 13878 | D:10     | Learned a level 5 spell: Lee's Rapid Deconstruction
 14619 | D:12     | Reached skill level 1 in Earth Magic
 14729 | D:12     | You miscast Manifold Assault.
 14988 | D:12     | Noticed a cyclops
 15240 | D:12     | Killed a cyclops
 15461 | D:12     | Noticed a two-headed ogre
 15468 | D:12     | Killed a two-headed ogre
 15573 | D:12     | Noticed a white ugly thing
 15586 | D:12     | Noticed a deep elf pyromancer
 16013 | D:11     | Killed a deep elf pyromancer
 16327 | D:12     | Killed a white ugly thing
 16328 | D:12     | Reached skill level 1 in Evocations
 16328 | D:12     | Reached XP level 12. HP: 68/128 MP: 18/23
 16341 | D:12     | You miscast Manifold Assault.
 16723 | D:8      | Killed Joseph
 16872 | Lair:1   | Reached ***** piety under Elyvilon
 17128 | Lair:1   | Noticed Erica
 17201 | Lair:1   | Killed Erica
 19187 | Lair:3   | You fall into a shaft and drop 1 floor!
 19322 | Lair:3   | Reached ****** piety under Elyvilon
 20146 | Lair:3   | Found a staircase to the Snake Pit.
 20211 | Lair:3   | You miscast Manifold Assault.
 20376 | Lair:3   | Noticed a death yak
 20378 | Lair:3   | Noticed a death yak
 20380 | Lair:3   | Noticed a death yak
 20415 | Lair:2   | Killed a death yak
 20436 | Lair:3   | Killed a death yak
 20482 | Lair:3   | Killed a death yak
 20483 | Lair:3   | Reached skill level 5 in Earth Magic
 20526 | Lair:3   | Identified 2 scrolls of acquirement
 20543 | Lair:3   | Reached XP level 13. HP: 112/136 MP: 23/26
 20758 | Lair:3   | Found a staircase to the Swamp.
 21783 | Lair:4   | Identified the +7 rapier "Ocsaheut" {freeze, rElec Will+}
 22100 | Lair:4   | Reached skill level 10 in Spellcasting
 22240 | Lair:4   | Noticed an azure jelly
 22244 | Lair:4   | Killed an azure jelly
 22859 | Lair:5   | Entered Level 5 of the Lair of Beasts
 23610 | Lair:5   | Reached skill level 10 in Dodging
 23825 | Lair:5   | You miscast Manifold Assault.
 24006 | Lair:5   | Reached XP level 14. HP: 144/144 MP: 14/28
 24275 | Lair:5   | Reached skill level 10 in Maces & Flails
 24911 | Lair:5   | Found a viscous altar of Jiyva.
 25738 | Lair:5   | Found the +3 Elemental Staff {rElec rF++ rC++ AC+5}
 25996 | D:8      | Learned a level 6 spell: Statue Form
 26017 | D:9      | Bought Great Wizards, Vol. VII for 360 gold pieces
 26022 | D:9      | Learned a level 4 spell: Passage of Golubria
 26051 | Orc:1    | Entered Level 1 of the Orcish Mines
 26140 | Orc:2    | Entered Level 2 of the Orcish Mines
 26476 | Orc:2    | Noticed an orc warlord
 26902 | Orc:2    | Found a staircase to the Elven Halls.
 26951 | Orc:2    | Found Atunenk's Distillery.
 27403 | Orc:2    | Killed an orc warlord
 27404 | Orc:2    | Reached skill level 1 in Transmutations
 27777 | Orc:2    | Reached skill level 10 in Invocations
 28378 | Orc:2    | Found Riyh's Magic Scroll Emporium.
 28441 | Orc:2    | Found a radiant altar of Vehumet.
 28451 | Orc:2    | Paralysed by an ogre mage for 5 turns
 28457 | Orc:2    | Reached skill level 1 in Armour
 28669 | Orc:2    | Found an ancient bone altar of Kikubaaqudgha.
 28849 | Orc:2    | Found Guxayn's Jewellery Shoppe.
 28852 | Orc:2    | Found Ocydin's Book Emporium.
 28858 | Orc:2    | Found Lureful's Antique Armour Emporium.
 28922 | Orc:2    | Bought a scroll of blinking for 127 gold pieces
 28922 | Orc:2    | Bought a scroll of teleportation for 51 gold pieces
 28974 | Orc:2    | Bought a potion of heal wounds for 80 gold pieces
 28974 | Orc:2    | Bought a potion of curing for 48 gold pieces
 29026 | Orc:2    | Bought 3 scrolls of identify for 102 gold pieces
 29226 | Orc:1    | Increase (s)trength, (i)ntelligence, or (d)exterity?
 29226 | Orc:1    | Reached XP level 15. HP: 149/152 MP: 25/30
 29739 | Orc:1    | Paralysed by an orc sorcerer for 3 turns
 29913 | Orc:1    | Paralysed by an orc sorcerer for 4 turns
 32102 | D:14     | Noticed Nessos
 32105 | D:14     | Killed Nessos
 32106 | D:14     | Reached skill level 5 in Transmutations
 32225 | D:14     | You miscast Manifold Assault.
 32240 | D:14     | Found a gate to the Vaults.
 33028 | Snake:1  | Entered Level 1 of the Snake Pit
 33039 | Snake:1  | Identified the +2 great sword of the Land of Plenty {heavy,
                  | Drain Fly rPois rC+}
 33052 | Snake:1  | You miscast Statue Form.
 33053 | Snake:1  | You miscast Statue Form.
 33177 | Snake:1  | Found a sparkling altar of Nemelex Xobeh.
 33283 | Snake:1  | Found Bimp's Antique Weapon Emporium.
 33966 | Snake:2  | Reached skill level 10 in Earth Magic
 34524 | Snake:2  | Reached XP level 16. HP: 146/161 MP: 19/33
 35255 | Snake:3  | Identified the +2 hand axe of Terra Nullius {spect, rC+
                  | Will+}
 35531 | Snake:3  | Noticed Kirke
 35588 | Snake:1  | You miscast Statue Form.
 35594 | Snake:2  | Killed Kirke
 36305 | Snake:4  | Entered Level 4 of the Snake Pit
 36533 | Snake:4  | You miscast Statue Form.
 37718 | Snake:4  | Noticed a nagaraja
 37939 | Snake:4  | Noticed a nagaraja
 37947 | Snake:4  | Killed a nagaraja
 37966 | Snake:4  | Killed a nagaraja
 38034 | Snake:4  | Noticed a nagaraja
 38040 | Snake:4  | Killed a nagaraja
 38078 | Snake:4  | You miscast Statue Form.
 38082 | Snake:4  | Noticed a nagaraja
 38089 | Snake:4  | Killed a nagaraja
 38102 | Snake:4  | Noticed a nagaraja
 38108 | Snake:4  | Killed a nagaraja
 38114 | Snake:4  | Reached XP level 17. HP: 169/169 MP: 23/34
 38159 | Snake:4  | Got a serpentine rune of Zot
 38488 | D:8      | Reached XP level 18. HP: 176/176 MP: 35/35
 38497 | D:8      | Learned a level 4 spell: Iskenderun's Mystic Blast
 38627 | Swamp:1  | Entered Level 1 of the Swamp
 38644 | Swamp:1  | Found a transporter.
 38650 | Swamp:1  | Noticed a tentacled monstrosity
 38654 | Swamp:1  | Noticed a tentacled monstrosity
 38657 | Swamp:1  | Found a transporter.
 38817 | Swamp:1  | Noticed Jorgrun
 38825 | Swamp:1  | Killed Jorgrun
 39038 | Swamp:1  | Noticed Donald
 39043 | Swamp:1  | Killed Donald
 39302 | Swamp:2  | Learned a level 5 spell: Yara's Violent Unravelling
 40367 | Swamp:3  | You miscast Manifold Assault.
 41015 | Swamp:4  | Entered Level 4 of the Swamp
 41029 | Swamp:4  | Reached skill level 10 in Transmutations
 41364 | Swamp:4  | Noticed a tentacled monstrosity
 41380 | Swamp:4  | Killed a tentacled monstrosity
 41726 | Swamp:4  | Got a decaying rune of Zot
 41767 | Swamp:4  | You miscast Statue Form.
 41904 | Swamp:4  | Identified the +0 kite shield of a treasure trove {rN+}
 42295 | Swamp:4  | Found an ancient bone altar of Kikubaaqudgha.
 42316 | Swamp:4  | Got Kikubaaqudgha's Commentary on Bones
 42914 | Orc:2    | Bought a book of Annihilations for 1080 gold pieces
 43013 | Orc:2    | Learned a level 3 spell: Kindle Blastsparks
 43024 | Elf:1    | Entered Level 1 of the Elven Halls
 43034 | Elf:1    | Reached XP level 19. HP: 187/187 MP: 5/37
 43261 | Elf:1    | Found a crumbling gateway.
 43278 | Desolati | Entered the Desolation of Salt
 43402 | Desolati | Identified the +8 shortbow of the Equinox {flame, Int+4}
 43417 | Desolati | Identified the ring "Napi" {Fly rF+}
 43559 | Desolati | Got the Reference Book on Brumal Bombardment
 43560 | Desolati | Identified the +7 quarterstaff of Shame {pain, rN+ Will+
                  | MP+9}
 43724 | Desolati | Identified the ring "Horhocze" {Wiz Int+5}
 43727 | Desolati | Got the Meditations on Correspondence and Soot
 43771 | Desolati | Found the +7 great mace "Firestarter" {flame, inner flame,
                  | rFlCloud rF++}
 43780 | Desolati | Identified the ring "Wisepn" {*Slow rElec rPois rC+ rCorr}
 43819 | Desolati | HP: 12/248 [saltling (13)]
 43943 | Desolati | Reached skill level 5 in Armour
 43986 | Desolati | Identified the +1 hand axe of Yredelemnul, Building {venom,
                  | rPois rF+ Int-4 Dex+5}
 44304 | Desolati | Identified the +0 ring mail "Kuuch" {Fly rElec Dex+3}
 45052 | Elf:1    | You fall into a shaft and drop 1 floor!
 45148 | Elf:2    | Reached skill level 15 in Spellcasting
 45509 | Elf:2    | Upgraded the game from 0.30-a0-726-gd89dcf765f to
                  | 0.30-a0-728-gc68057be0a
 45766 | Elf:2    | Found a runed translucent gate.
 45767 | Elf:2    | Found a runed translucent gate.
 45767 | Elf:2    | Found a runed translucent gate.
 45794 | Elf:3    | Entered Level 3 of the Elven Halls
 46576 | Elf:1    | Reached XP level 20. HP: 204/204 MP: 27/39
 47846 | Elf:3    | You miscast Statue Form.
 48789 | Elf:3    | Noticed a Brimstone Fiend
 48878 | Elf:3    | Identified the +6 long sword of Exquisite Death {venom,
                  | rElec Str-2 Dex+8 SInv}
 48905 | Elf:3    | Reached skill level 15 in Maces & Flails
 48967 | Elf:3    | Identified the +0 robe of Lenkeama {Drain rCorr Stlth+}
 48970 | Elf:3    | Identified the +7 battleaxe of Symmetry {elec, Int+2}
 48970 | Elf:3    | Identified the +1 robe "Ifit" {rN+ Slay+3}
 49695 | Elf:3    | Found the +3 hat of Pondering {ponderous, Will+ MP+10
                  | Int+5}
 50136 | Vaults:1 | Entered Level 1 of the Vaults
 50856 | Vaults:1 | Found a runed translucent door.
 50856 | Vaults:1 | Noticed Kydext's ghost (veteran HuDe)
 50982 | Vaults:1 | Reached skill level 15 in Fighting
 50984 | Vaults:1 | Noticed Asterion
 50989 | Vaults:1 | Killed Asterion
 51188 | Vaults:1 | Identified the +12 rapier of Disaster {heavy, rF+}
 51190 | Vaults:1 | Found Jueshruqe's Antique Weapon Shop.
 51255 | Vaults:1 | Increase (s)trength, (i)ntelligence, or (d)exterity?
 51255 | Vaults:1 | Reached XP level 21. HP: 218/218 MP: 28/41
 51259 | Vaults:1 | Reached skill level 15 in Earth Magic
 51456 | Vaults:1 | Noticed Zenata
 51464 | Vaults:1 | Killed Zenata
 51685 | D:6      | Bought the +2 quarterstaff "Ellat" {elec, Will+ MP+9 Str-2}
                  | for 614 gold pieces
 51778 | D:9      | Killed Erolcha
 52037 | Vaults:2 | Learned a level 6 spell: Dispersal
 52861 | Vaults:2 | Found a staircase to the Crypt.
 54739 | Vaults:3 | Noticed a golden dragon
 54750 | Vaults:3 | Killed a golden dragon
 55046 | Vaults:3 | Found Xuamal's Book Emporium.
 55097 | Vaults:3 | Found Poteg's Magic Scroll Shoppe.
 55121 | Vaults:3 | Found Jempum's Jewellery Shoppe.
 55121 | Vaults:3 | Found Sehokh's Distillery.
 55158 | Vaults:3 | Bought the ring "Soiseih" {rPois rC+ Will+ Str+3} for 963
                  | gold pieces
 55534 | Vaults:3 | Identified the +1 acid dragon scales "Jeaseble" {rN+ rCorr
                  | Int+6}
 55789 | Vaults:3 | Bought a potion of heal wounds for 70 gold pieces
 55789 | Vaults:3 | Bought a potion of heal wounds for 70 gold pieces
 55789 | Vaults:3 | Bought a potion of heal wounds for 70 gold pieces
 56083 | Vaults:4 | Reached XP level 22. HP: 188/234 MP: 22/43
 56277 | Vaults:4 | Found Raejin's Magic Scroll Shoppe.
 56332 | Vaults:4 | Noticed Jory
 56378 | Vaults:3 | Killed Jory
 57102 | Vaults:4 | Bought a scroll of teleportation for 57 gold pieces
 57391 | Vaults:4 | Learned a level 5 spell: Irradiate
 57563 | D:15     | Entered Level 15 of the Dungeon
 57584 | D:15     | Noticed Iluiwk's ghost (journeyman DrEE)
 57601 | D:15     | Found a transporter.
 57602 | D:15     | Found a bloodstained altar of Trog.
 57621 | D:15     | Found a transporter.
 58427 | D:15     | Found a staircase to the Depths.
 58507 | Depths:1 | Entered Level 1 of the Depths
 58790 | Depths:1 | Paralysed by a floating eye for 3 turns
 58808 | Depths:1 | You miscast Yara's Violent Unravelling.
 59161 | Depths:1 | Found Aqaprukh's Neck Hole.
 59227 | Depths:1 | Found a gateway to Hell.
 59583 | Depths:1 | Found Roimys Buigh's Antique Weapon Emporium.
 59628 | Depths:1 | Found a one-way gateway to a ziggurat.
 59888 | Depths:2 | Found a basalt altar of Yredelemnul.
 60185 | Depths:2 | Reached XP level 23. HP: 247/247 MP: 45/45
 60300 | Depths:2 | Found Yhoorgh's Antique Armour Boutique.
 60307 | Depths:2 | Found Cast's Antique Armour Shop.
 60982 | Depths:2 | Found a one-way gate leading to the halls of Pandemonium.
 62151 | Depths:2 | Learned a level 9 spell: Shatter
 62153 | Hell     | Entered the Vestibule of Hell
 62153 | Hell     | Noticed Geryon
 62346 | Depths:3 | You miscast Manifold Assault.
 63262 | Depths:1 | Bought a +2 cloak of willpower for 344 gold pieces
 63543 | Depths:3 | Learned a level 3 spell: Portal Projectile
 63740 | Depths:3 | Found a one-way gate to the infinite horrors of the Abyss.
 64253 | Depths:3 | Upgraded the game from 0.30-a0-728-gc68057be0a to
                  | 0.30-a0-737-gf23d94013f
 64254 | Depths:4 | Entered Level 4 of the Depths
 64254 | Depths:4 | Noticed a juggernaut
 64979 | Depths:4 | Reached XP level 24. HP: 263/263 MP: 46/46
 65180 | Depths:4 | Found a hazy altar of Hepliaklqana.
 65206 | Depths:4 | Noticed an ancient lich
 65234 | Depths:3 | Killed an ancient lich
 65871 | Depths:3 | Killed a juggernaut
 66111 | Depths:4 | Found a gate to the Realm of Zot.
 66521 | D:15     | Killed Iluiwk's ghost
 67073 | Swamp:1  | Identified the +10 quarterstaff of Becwuamp {antimagic,
                  | rPois rF+++ Will-}
 67075 | Swamp:1  | Identified the +2 arbalest of the Wraith {antimagic, rPois
                  | rN+ rCorr Str-3}
 67407 | Lair:5   | Found a staircase to the Slime Pits.
 67418 | Slime:1  | Entered Level 1 of the Pits of Slime
 67688 | Slime:1  | A sourceless malevolence fills the Pits of Slime...
 67688 | Slime:1  | You fall into a shaft and drop 1 floor!
 67693 | Slime:2  | Gained mutation: You sometimes lose your temper in combat.
                  | [a shining eye]
 67695 | Slime:2  | Gained mutation: You occasionally lose the ability to drink
                  | potions when taking damage. [a shining eye]
 67796 | Slime:2  | Gained mutation: You passively map a small area around you.
                  | [a shining eye]
 68592 | Slime:5  | Entered Level 5 of the Pits of Slime
 68678 | Slime:5  | Gained mutation: You are clumsy. (Dex -2) [a shining eye]
 69568 | Slime:5  | Reached XP level 25. HP: 276/276 MP: 41/47
 69615 | Slime:5  | Noticed the Royal Jelly
 69833 | Slime:5  | Gained mutation: You are frail. (-10% HP) [a shining eye]
 69834 | Slime:5  | Gained mutation: You are vulnerable to cold. (rC-) [a
                  | shining eye]
 70039 | Slime:5  | You miscast Shatter.
 70130 | Slime:5  | Found a viscous altar of Jiyva.
 70133 | Slime:5  | Identified the ring "Cydibliuc" {rC+ Will- Str+4 Dex-3
                  | SInv}
 70138 | Slime:5  | Identified the +2 spear of Unil {drain, Will+ rCorr Str+8
                  | Stlth-}
 70215 | Slime:5  | Identified the +6 spear of Qerehuf {antimagic, Int+2}
 70254 | Slime:5  | Identified the +2 leather armour of Foaffux {rElec rPois
                  | Stlth+}
 70264 | Slime:5  | Identified the +4 chain mail "Jinon" {rElec Int+2}
 70273 | Slime:5  | Identified the +6 quarterstaff of Makhleb's Anger {heavy,
                  | Int+2}
 70296 | Slime:5  | Identified the +1 leather armour of Responsibility {Dex+3
                  | Stlth+}
 70314 | Slime:5  | Got a slimy rune of Zot
 70730 | D:14     | Lost mutation: You are vulnerable to cold. (rC-) [potion of
                  | mutation]
 70730 | D:14     | Lost mutation: You are frail. (-10% HP) [potion of
                  | mutation]
 70730 | D:14     | Lost mutation: You occasionally lose the ability to drink
                  | potions when taking damage. [potion of mutation]
 70730 | D:14     | Gained mutation: You have a pair of small horns on your
                  | head. [potion of mutation]
 70730 | D:14     | Gained mutation: You have very sharp teeth. [potion of
                  | mutation]
 70731 | D:14     | Lost mutation: You have a pair of small horns on your head.
                  | [potion of mutation]
 70731 | D:14     | Lost mutation: You sometimes lose your temper in combat.
                  | [potion of mutation]
 70818 | Vaults:5 | Entered Level 5 of the Vaults
 70983 | Vaults:5 | Noticed an ancient lich
 71177 | Vaults:4 | Killed an ancient lich
 71419 | Vaults:5 | Identified the ring of the Thoughtful Places {rN+ rCorr
                  | Dex+4}
 71420 | Vaults:5 | Noticed a dread lich
 71478 | Vaults:5 | Noticed an ancient lich
 71484 | Vaults:5 | Killed an ancient lich
 72097 | Vaults:5 | Noticed an ancient lich
 72103 | Vaults:5 | Killed an ancient lich
 72201 | Vaults:5 | Identified an amulet of magic regeneration
 72418 | Vaults:5 | Identified the +10 sling of Hulico {drain, rPois rN+++
                  | Int+5 Dex-4}
 72557 | Vaults:5 | Killed a dread lich
 72738 | Vaults:5 | Reached XP level 26. HP: 263/286 MP: 49/49
 72810 | Vaults:5 | Noticed an ancient lich
 72819 | Vaults:5 | Killed an ancient lich
 73480 | Vaults:5 | Got a silver rune of Zot
 73483 | Vaults:5 | Got the Almanac of Anathema and Command
 74368 | Vaults:3 | Bought a potion of mutation for 112 gold pieces
 74368 | Vaults:3 | Bought a potion of curing for 42 gold pieces
 74368 | Vaults:3 | Bought a potion of brilliance for 56 gold pieces
 74368 | Vaults:3 | Bought a potion of brilliance for 56 gold pieces
 74368 | Vaults:3 | Bought a potion of magic for 112 gold pieces
 74817 | Crypt:1  | Entered Level 1 of the Crypt
 75790 | Crypt:1  | Found an ancient bone altar of Kikubaaqudgha.
 76405 | Crypt:3  | Entered Level 3 of the Crypt
 77980 | Crypt:3  | Found a staircase to the Tomb.
 78108 | Crypt:3  | Identified the +5 glaive of Dithmenos's Hatred {pain, Str+5
                  | Int-4}
 78115 | Crypt:3  | Identified the +1 hand axe "Ysoac" {flame, Int+2 Dex+3}
 78127 | Crypt:3  | Identified the ring "Muthif" {+Blink rC+ rN+ rCorr Dex+4}
 78134 | Crypt:3  | Identified the +1 long sword "Gibym" {flame, rN+}
 78423 | D:14     | Acquired a scarf of resistance
 78451 | D:14     | Acquired the quicksilver dragon scales of Juefud {Contam
                  | rC+++ rN+++ Will+ Dex-2}
 78475 | D:14     | Upgraded the game from 0.30-a0-737-gf23d94013f to
                  | 0.30-a0-738-g116ff8c4af
 78673 | Depths:3 | Voluntarily entered the Abyss.
 79003 | Abyss:1  | Reached skill level 10 in Armour
 79132 | Abyss:1  | Increase (s)trength, (i)ntelligence, or (d)exterity?
 79132 | Abyss:1  | Reached XP level 27. HP: 295/295 MP: 50/50
 79171 | Depths:3 | Escaped the Abyss
 79173 | Depths:3 | Voluntarily entered the Abyss.
 79242 | Abyss:1  | Found a corrupted altar of Lugonu.
 79521 | Depths:3 | Escaped the Abyss
 79569 | Depths:3 | Voluntarily entered the Abyss.
 79596 | Abyss:1  | Found a shimmering altar of Xom.
 79705 | Abyss:1  | Found a corrupted altar of Lugonu.
 79716 | Abyss:1  | Found a corrupted altar of Lugonu.
 79742 | Abyss:1  | Found a corrupted altar of Lugonu.
 79969 | Abyss:4  | Found a corrupted altar of Lugonu.
 79979 | Abyss:4  | Found a corrupted altar of Lugonu.
 80115 | Abyss:4  | Got an abyssal rune of Zot
 80169 | Depths:3 | Escaped the Abyss
 80356 | D:14     | Lost mutation: You are clumsy. (Dex -2) [mutagenic glow]
 80478 | Vaults:3 | Bought the ring "Fonos" {Fly rC+ Dex+6} for 1094 gold
                  | pieces
 80673 | Orc:2    | Bought a potion of magic for 128 gold pieces
 80673 | Orc:2    | Bought a potion of mutation for 128 gold pieces
 80673 | Orc:2    | Bought 2 potions of cancellation for 256 gold pieces
 80790 | Temple   | Fell from the grace of Elyvilon
 80790 | Temple   | Became a worshipper of the Shining One
 80790 | Temple   | Reached * piety under the Shining One
 80790 | Temple   | Reached ** piety under the Shining One
 80790 | Temple   | Reached *** piety under the Shining One
 80790 | Temple   | Reached **** piety under the Shining One
 81153 | Pan      | Entered Pandemonium
 81289 | Pan      | Reached ***** piety under the Shining One
 81344 | Pan      | Noticed Oxzanarph the pandemonium lord
 81355 | Pan      | Killed Oxzanarph the pandemonium lord
 81389 | Pan      | Identified the ring "Uffiwk" {Wiz Drain rPois rN+ Will+}
 81776 | Pan      | Noticed Ignacio
 81783 | Pan      | Killed Ignacio
 81884 | Pan      | Found an exit through the horrors of the Abyss.
 81898 | Pan      | Reached ****** piety under the Shining One
 81918 | Pan      | Identified a +9 giant spiked club of holy wrath (a +7 giant
                  | spiked club blessed by the Shining One)
 81918 | Pan      | Received a gift from the Shining One
 82030 | Pan      | A sourceless malevolence fills Pandemonium...
 82209 | Pan      | Noticed Cetibri the pandemonium lord
 82280 | Abyss:4  | Cast into level 4 of the Abyss (Cetibri)
 82356 | Abyss:4  | Found a corrupted altar of Lugonu.
 82473 | Pan      | Escaped the Abyss
 82480 | Pan      | Killed Cetibri the pandemonium lord
 82873 | Pan      | Reached skill level 1 in Stealth
 82967 | Pan      | Noticed Neip the pandemonium lord
 82970 | Pan      | Killed Neip the pandemonium lord
 83087 | Depths:2 | Escaped Pandemonium
 83217 | Pan      | Entered Pandemonium
 83262 | Pan      | Entered the realm of Cerebov.
 83293 | Pan      | Identified the +0 plate armour of the Accordion {+Inv rC++}
 83301 | Pan      | Identified the +0 kite shield of Pleasant Breezes {Dex+3
                  | Slay+4 SInv}
 83304 | Pan      | Upgraded the game from 0.30-a0-738-g116ff8c4af to
                  | 0.30-a0-739-gea05faddec
 83400 | Pan      | Found the +6 sword of Cerebov {flame}
 83400 | Pan      | Noticed Cerebov
 83402 | Pan      | You miscast Shatter.
 83419 | Pan      | Killed Cerebov
 83421 | Pan      | Got a fiery rune of Zot
 83568 | Pan      | Identified the +1 chain mail of Neenla {Harm Dex+4}
 83575 | Pan      | Identified the +3 whip of the Puffball {flame, rPois rC+
                  | rCorr Str-4}
 83605 | Pan      | Identified the ring "Sanit" {rPois rC+}
 83657 | Pan      | Got the Notes on Incandescent Hurting
 83665 | Pan      | Identified the +2 chain mail of Ciokiwad {rF- rCorr Stlth+}
 83872 | Pan      | Noticed Qusim the pandemonium lord
 83888 | Pan      | Killed Qusim the pandemonium lord
 84013 | Pan      | Got a demonic rune of Zot
 84046 | Depths:2 | Escaped Pandemonium
 84176 | Pan      | Entered the realm of Lom Lobon.
 84176 | Pan      | Entered Pandemonium
 84467 | Pan      | Noticed Lom Lobon
 84476 | Pan      | Reached skill level 5 in Stealth
 84483 | Pan      | Killed Lom Lobon
 84547 | Pan      | Got a magical rune of Zot
 84838 | Pan      | Noticed Keirome the pandemonium lord
 84844 | Pan      | Killed Keirome the pandemonium lord
 85307 | Pan      | Entered the realm of Gloorx Vloq.
 85315 | Pan      | A sourceless malevolence fills Pandemonium...
 85333 | Pan      | Noticed Gloorx Vloq
 85347 | Pan      | HP: 18/396 [Executioner (6)]
 85348 | Pan      | The Shining One protects you from harm!
 85440 | Pan      | Got a dark rune of Zot
 85683 | Pan      | Noticed Maleuv the pandemonium lord
 85692 | Pan      | Killed Maleuv the pandemonium lord
 86004 | Pan      | Noticed Bunarhege the pandemonium lord
 86012 | Pan      | Gained mutation: You are occasionally teleported next to
                  | monsters. [a cacodemon]
 86026 | Pan      | Killed Bunarhege the pandemonium lord
 86028 | Pan      | Lost mutation: You are occasionally teleported next to
                  | monsters. [potion of mutation]
 86028 | Pan      | Lost mutation: You passively map a small area around you.
                  | [potion of mutation]
 86028 | Pan      | Gained mutation: Your flesh is cold resistant. (rC+)
                  | [potion of mutation]
 86028 | Pan      | Gained mutation: Your mind is acute. (Int +4, Str/Dex -1)
                  | [potion of mutation]
 86104 | Pan      | Entered the realm of Mnoleg.
 86166 | Pan      | You miscast Statue Form.
 86176 | Pan      | Gained mutation: Your spells are a little easier to cast,
                  | but a little less powerful. [a neqoxec]
 86236 | Pan      | Paralysed by a floating eye for 2 turns
 86239 | Pan      | Noticed Mnoleg
 86250 | Pan      | Gained mutation: Your spells are easier to cast, but less
                  | powerful. [Mnoleg's mutagenic touch]
 86257 | Pan      | Killed Mnoleg
 86351 | Pan      | Got a glowing rune of Zot
 86454 | Pan      | Gained mutation: You occasionally lose the ability to read
                  | scrolls when taking damage. [a shining eye]
 86462 | Pan      | Lost mutation: Your flesh is cold resistant. (rC+) [potion
                  | of mutation]
 86462 | Pan      | Lost mutation: You have very sharp teeth. [potion of
                  | mutation]
 86462 | Pan      | Lost mutation: You occasionally lose the ability to read
                  | scrolls when taking damage. [potion of mutation]
 86462 | Pan      | Lost mutation: Your spells are easier to cast, but less
                  | powerful. [potion of mutation]
 86462 | Pan      | Gained mutation: Your muscles are strong. (Str +4, Int/Dex
                  | -1) [potion of mutation]
 86462 | Pan      | Gained mutation: You occasionally shout uncontrollably at
                  | your foes. [potion of mutation]
 86573 | Pan      | Identified the ring "Pufuvvem" {Fly Str+3}
 87199 | Pan      | Found an exit through the horrors of the Abyss.
 87411 | Pan      | Took an exit into the Abyss.
 87411 | Abyss:4  | Escaped into the Abyss
 87626 | Abyss:4  | Found a corrupted altar of Lugonu.
 87756 | Depths:2 | Escaped the Abyss
 87872 | Depths:2 | Learned a level 6 spell: Eringya's Noxious Bog
 87881 | Depths:2 | Learned a level 8 spell: Lehudib's Crystal Spear
 87939 | Zig:1    | Entered Level 1 of a ziggurat
 87956 | Zig:2    | Entered Level 2 of a ziggurat
 87975 | Zig:3    | Entered Level 3 of a ziggurat
 87992 | Zig:3    | Got the Compendium of the Volley
 88000 | Zig:4    | Entered Level 4 of a ziggurat
 88001 | Zig:4    | You miscast Shatter.
 88003 | Zig:4    | Noticed Pyschuown the pandemonium lord
 88009 | Zig:4    | Killed Pyschuown the pandemonium lord
 88030 | Zig:4    | Identified the +10 falchion of Ozuneux {heavy, Int+3 Dex+5}
 88091 | Zig:5    | Entered Level 5 of a ziggurat
 88116 | Zig:5    | Identified the +10 mace "Geffeed" {speed, Stlth+}
 88154 | Zig:6    | Entered Level 6 of a ziggurat
 88158 | Zig:6    | Paralysed by a wendigo for 1 turns
 88189 | Zig:7    | Entered Level 7 of a ziggurat
 88222 | Zig:7    | Identified the +11 battleaxe of the Keeping Spider {pain,
                  | Fragile rN+ rCorr Dex+2}
 88223 | Zig:7    | Identified the +0 pair of boots "Zouh" {rCorr}
 88224 | Zig:7    | Identified the +1 dagger of the Snake Pit {heavy, rElec
                  | rPois}
 88337 | Zig:8    | Entered Level 8 of a ziggurat
 88346 | Zig:8    | You miscast Shatter.
 88378 | Zig:8    | Identified the +6 scale mail "Vess" {rCorr MP+9 Int-2}
 88380 | Zig:8    | Identified the +4 mace "Concordance" {spect, Will+}
 88513 | Zig:9    | Entered Level 9 of a ziggurat
 88521 | Zig:9    | Noticed an orb of fire
 88521 | Zig:9    | Noticed an orb of fire
 88522 | Zig:9    | Gained mutation: Your body sometimes deteriorates upon
                  | taking damage. [an orb of fire]
 88527 | Zig:9    | Reached skill level 10 in Translocations
 88528 | Zig:9    | You miscast Shatter.
 88532 | Zig:9    | Gained mutation: Your magical capacity is low. (-10% MP)
                  | [an orb of fire]
 88533 | Zig:9    | Killed an orb of fire
 88536 | Zig:9    | Killed an orb of fire
 88760 | Zig:9    | Identified the +8 acid dragon scales "Weptuf" {rPois rC+
                  | rCorr Slay+3}
 88770 | Zig:9    | Lost mutation: Your muscles are strong. (Str +4, Int/Dex
                  | -1) [potion of mutation]
 88770 | Zig:9    | Lost mutation: Your magical capacity is low. (-10% MP)
                  | [potion of mutation]
 88770 | Zig:9    | Lost mutation: You occasionally shout uncontrollably at
                  | your foes. [potion of mutation]
 88771 | Zig:9    | Lost mutation: Your body sometimes deteriorates upon taking
                  | damage. [potion of mutation]
 88771 | Zig:9    | Lost mutation: Your spells are a little easier to cast, but
                  | a little less powerful. [potion of mutation]
 88771 | Zig:9    | Lost mutation: Your mind is acute. (Int +4, Str/Dex -1)
                  | [potion of mutation]
 88771 | Zig:9    | Gained mutation: Your magical capacity is low. (-10% MP)
                  | [potion of mutation]
 88771 | Zig:9    | Gained mutation: You are strong-willed. (Will+) [potion of
                  | mutation]
 88771 | Zig:9    | Gained mutation: Your movements are slightly less
                  | encumbered by armour. (ER -2) [potion of mutation]
 89114 | Vaults:3 | Bought a potion of lignification for 42 gold pieces
 89124 | Vaults:3 | Bought a scroll of immolation for 64 gold pieces
 89124 | Vaults:3 | Bought a scroll of immolation for 64 gold pieces
 89334 | Tomb:1   | Entered Level 1 of the Tomb of the Ancients
 89589 | Tomb:1   | Noticed a royal mummy
 89593 | Tomb:1   | Noticed a royal mummy
 89596 | Tomb:1   | Killed a royal mummy
 89597 | Tomb:1   | Killed a royal mummy
 89620 | Tomb:1   | Noticed a royal mummy
 89622 | Tomb:1   | You miscast Shatter.
 89625 | Tomb:1   | Killed a royal mummy
 89757 | Tomb:1   | Noticed a royal mummy
 89760 | Tomb:1   | Killed a royal mummy
 90102 | Tomb:1   | Noticed a royal mummy
 90105 | Tomb:1   | Killed a royal mummy
 90182 | Tomb:1   | Noticed a royal mummy
 90188 | Tomb:1   | Killed a royal mummy
 90192 | Tomb:1   | Noticed a royal mummy
 90227 | Tomb:1   | Killed a royal mummy
 90267 | Tomb:1   | Noticed a royal mummy
 90274 | Crypt:3  | Killed a royal mummy
 90306 | Tomb:1   | Noticed a royal mummy
 90309 | Tomb:1   | Killed a royal mummy
 90391 | Tomb:1   | Upgraded the game from 0.30-a0-739-gea05faddec to
                  | 0.30-a0-743-gbfdf073431
 90400 | Tomb:1   | You miscast Shatter.
 90781 | Tomb:1   | Noticed a royal mummy
 90788 | Tomb:1   | Killed a royal mummy
 90822 | Tomb:1   | Noticed a royal mummy
 90825 | Tomb:1   | Killed a royal mummy
 91292 | Tomb:2   | Reached skill level 27 in Spellcasting
 91717 | Tomb:2   | Noticed a royal mummy
 91724 | Tomb:2   | Killed a royal mummy
 91735 | Tomb:2   | Noticed a royal mummy
 91738 | Tomb:2   | Killed a royal mummy
 91745 | Tomb:2   | Noticed a royal mummy
 91747 | Tomb:2   | Noticed a royal mummy
 91751 | Tomb:2   | Killed a royal mummy
 91752 | Tomb:2   | Killed a royal mummy
 91800 | Tomb:1   | Noticed a royal mummy
 91926 | Tomb:1   | Killed a royal mummy
 91996 | Tomb:1   | Noticed a royal mummy
 92000 | Tomb:1   | You miscast Shatter.
 92001 | Tomb:1   | Killed a royal mummy
 92465 | Tomb:3   | Entered Level 3 of the Tomb of the Ancients
 92490 | Tomb:3   | Noticed a royal mummy
 92490 | Tomb:3   | Noticed a royal mummy
 92491 | Tomb:3   | Reached skill level 15 in Dodging
 92491 | Tomb:3   | Noticed a royal mummy
 92492 | Tomb:3   | You miscast Shatter.
 92492 | Tomb:3   | Noticed a royal mummy
 92494 | Tomb:3   | Killed a royal mummy
 92494 | Tomb:3   | Noticed a royal mummy
 92495 | Tomb:3   | You miscast Shatter.
 92496 | Tomb:3   | Killed a royal mummy
 92496 | Tomb:3   | Killed a royal mummy
 92498 | Tomb:3   | Killed a royal mummy
 92498 | Tomb:3   | Killed a royal mummy
 92502 | Tomb:3   | Noticed Khufu
 92507 | Tomb:3   | Noticed a royal mummy
 92508 | Tomb:3   | You miscast Shatter.
 92510 | Tomb:3   | Killed a royal mummy
 92511 | Tomb:3   | Killed Khufu
 92518 | Tomb:3   | Noticed a royal mummy
 92524 | Tomb:3   | Noticed a royal mummy
 92525 | Tomb:3   | Killed a royal mummy
 92526 | Tomb:3   | Killed a royal mummy
 92616 | Tomb:3   | Found the +9 scales of the Dragon King {rPois rF+ rC+
                  | Will+}
 92952 | Tomb:3   | Identified the +6 rapier of Precise Incision {speed, Will-
                  | Int+4}
 92983 | Tomb:3   | Identified the ring of the Genius {Fire Int+3 Stlth+}
 92985 | Tomb:3   | Identified the ring "Xyanemol" {Fire Int+2}
 93003 | Tomb:3   | Identified the +9 sling of a Billion Places {drain, rPois
                  | Will++ Str-3 Int+2}
 93011 | Tomb:3   | Identified the +2 pair of gloves "Giawuzoo" {Regen+}
 93014 | Tomb:3   | Identified the +1 robe "Nelylihu" {Drain Fly Dex+2}
 93086 | Tomb:3   | Got a golden rune of Zot
 93792 | Tomb:1   | Noticed a royal mummy
 93793 | Tomb:1   | Noticed a royal mummy
 93797 | Tomb:1   | Killed a royal mummy
 93798 | Tomb:1   | Killed a royal mummy
 94353 | Hell     | Noticed Murray
 94357 | Depths:2 | Reached skill level 27 in Fighting
 94372 | Depths:2 | Killed Murray
 94781 | Hell     | Killed Geryon
 95203 | Hell     | Found a gateway to the decaying netherworld of Tartarus.
 95404 | Hell     | Found a gateway to the freezing wastes of Cocytus.
 95581 | Hell     | Found a gateway to the Iron City of Dis.
 95626 | Hell     | Found a gateway to the ashen valley of Gehenna.
 95774 | Tar:1    | Entered Level 1 of Tartarus
 96538 | Tar:1    | Noticed an ancient lich
 96539 | Tar:1    | Killed an ancient lich
 97040 | Tar:2    | A sourceless malevolence fills Tartarus...
 97040 | Tar:2    | You fall into a shaft and drop 1 floor!
 97623 | Tar:6    | Upgraded the game from 0.30-a0-743-gbfdf073431 to
                  | 0.30-a0-748-ge6a52f7cba
 97669 | Tar:6    | Upgraded the game from 0.30-a0-748-ge6a52f7cba to
                  | 0.30-a0-757-ga6a79fd877
 97879 | Tar:7    | Entered Level 7 of Tartarus
 97886 | Tar:7    | Reached skill level 5 in Evocations
 97991 | Tar:7    | Noticed a dread lich
 97994 | Tar:7    | Killed a dread lich
 97996 | Tar:7    | Noticed a dread lich
 97999 | Tar:7    | Killed a dread lich
 98542 | Tar:7    | Noticed Ereshkigal
 98551 | Tar:7    | Killed Ereshkigal
 98676 | Tar:7    | Got a bone rune of Zot
 98688 | Tar:7    | A sourceless malevolence fills Tartarus...
 98708 | Tar:7    | Noticed a dread lich
 98715 | Tar:7    | Killed a dread lich
 98716 | Tar:7    | Noticed a dread lich
 98717 | Tar:7    | Killed a dread lich
 98864 | Tar:7    | Identified the ring "Heqakewn" {Fire MP+9 Dex+2}
 99048 | Depths:2 | Learned a level 8 spell: Disjunction
 99720 | Dis:1    | Entered Level 1 of the Iron City of Dis
 99736 | Dis:1    | A sourceless malevolence fills the Iron City of Dis... and
                  | a teleportation trap spontaneously manifests!
100422 | Depths:2 | Upgraded the game from 0.30-a0-757-ga6a79fd877 to
                  | 0.30-a0-760-g5a9884bb7c
101034 | Dis:2    | Noticed an ancient lich
101036 | Dis:2    | Killed an ancient lich
101279 | Dis:3    | Noticed a dread lich
101286 | Dis:3    | Killed a dread lich
101292 | Dis:3    | Noticed an ancient lich
101584 | Dis:3    | Reached skill level 15 in Translocations
101954 | Dis:4    | A sourceless malevolence fills the Iron City of Dis...
101954 | Dis:4    | You fall into a shaft and drop 1 floor!
102645 | Dis:4    | Reached skill level 15 in Invocations
103097 | Dis:6    | HP: 12/340 [Hell Sentinel/damnation (17)]
103097 | Dis:6    | Killed from afar by a Hell Sentinel

Illustrated notes

Levels and vault maps discovered:
D:1:      lightli_arrival_statue_moat, layout_basic, kennysheep_doodads
D:2:      layout_basic, basic_altar
D:3:      layout_rooms, kennysheep_potato
D:4:      layout_loops_ring, ebering_ghost_sewer_d, uniq_pikel
D:5:      layout_loops_ring, portal_sewer_entry_a
D:6:      layout_cave_pools, mainiacjoe_overflow_small_starburst,
          minmay_temple_entry_junction_2, serial_shops,
          nicolae_shop_bloodbath_and_beyond
D:7:      lemuel_slime, layout_basic
D:8:      layout_loops_cross, fedhas_altar_4, dpeg_oklobed_lair
D:9:      layout_cave_pools, serial_shops, shop_statue, uniq_joseph,
          uniq_erolcha
D:10:     layout_rooms, erik_orc_4
D:11:     layout_basic
D:12:     layout_small_grid, serial_rivers, chequers_serial_rivers_small_a,
          chequers_serial_rivers_micro_e, chequers_serial_rivers_large_a,
          chequers_serial_rivers_small_a, drop_trap, minmay_tree_intersection
D:13:     layout_grid_maze, kennysheep_diamond
D:14:     layout_rooms, erik_vaults_1, uniq_nessos
D:15:     gammafunk_enter_depths_forms, layout_loops_ring,
          minmay_misc_feat_encased, gammafunk_ghost_wrathful_warriors
Temple:   nicolae_temple_slightly_damp_pantheon
Lair:1:   layout_cellular_growth, grunt_forest_small_clearing_treed,
          infiniplex_staircase_pool, uniq_erica
Lair:2:   layout_regular_city
Lair:3:   layout_chaotic_city, nicolae_swamp_entry_splash_gauntlet,
          nicolae_snake_entry_squirm
Lair:4:   layout_loops_ring, nicolae_lair_time_for_slime, lemuel_fruit_fields,
          lemuel_fruit_fields
Lair:5:   evilmike_catoblepas_cave, layout_gridlike,
          minmay_slime_entry_oklob_enclosed, cheibrodos_lair_lostbears,
          serial_bayou_shore_b
Swamp:1:  gammafunk_sealed_arena, layout_falls_marsh, hangedman_swamp_blocks,
          swamp_pool2, infiniplex_staircase_pool_2, uniq_donald, uniq_jorgrun
Swamp:2:  layout_basic_swamp, evilmike_swamp_ruin_rubble_1, swamp_pool4
Swamp:3:  layout_basic_swamp, evilmike_swamp_ruin_house_3, hangedman_swamp_pad,
          swamp_pool1, beargit_elvish_explorers
Swamp:4:  swamp_alternative, layout_basic_swamp, swamp_pool2,
          beargit_kiku_chapel
Snake:1:  layout_rooms, basic_altar, minmay_shop_star
Snake:2:  layout_rooms, portal_ice_cave_entry_frozen_things, drop_trap,
          grunt_megastairs_4
Snake:3:  layout_onion, serial_bayou_shore_a, uniq_kirke
Snake:4:  grunt_snake_rune_pools, layout_onion
Slime:1:  layout_caves
Slime:2:  layout_caves
Slime:3:  layout_caves
Slime:4:  layout_caves, special_room [special_room_jelly],
          nicolae_slime_welcoming_committee
Slime:5
Orc:1:    nicolae_orc_accident_2, layout_diamond_mine, basic_altar,
          enter_volcano_4
Orc:2:    kennysheep_orc_mage_school, layout_caves, serial_shops, shop,
          nicolae_orc_pool_cavern
Elf:1:    nicolae_elf_arrival_fired_up, layout_gridlike,
          portal_desolation_entry_ruin, kennysheep_underground_church,
          hangedman_corner_corridor
Elf:2:    nicolae_elf_blades_crystal_corner, layout_rooms, uniq_azrael
Elf:3:    elf_hall, layout_geoelf_diagonals, grunt_megastairs_5
Vaults:1: gammafunk_ghost_grave, vaults_mumra_bighexcomb,
          nicolae_vaults_rhombus_7, nicolae_vaults_little_squares_6,
          nicolae_vaults_diagonal_hallway_7, nicolae_vaults_circle_grid_b,
          grunt_vaults_diagonal, layout_vaults_big_room, serial_shops, shop,
          uniq_asterion, uniq_zenata
Vaults:2: v_misc_17, minmay_crypt_entry_simple_walls, ontoclasm_vaults_twist,
          vaults_room_pool, grunt_vaults_hallway_short,
          nicolae_vaults_little_squares_5, vaults_mumra_lcd,
          layout_vaults_omnigrid
Vaults:3: v_pattern_5, vaults_dpeg_cross, v_alt_pattern_2,
          nicolae_vaults_stairing_the_circle, ontoclasm_vaults_misaligned,
          vaults_room_octagon, v_misc_8, vaults_room_corners,
          nicolae_vaults_network_s, hangedman_vaults_hard_town_square,
          vaults_mumra_chevron_long, v_misc_28, vaults_room_door_ring,
          layout_vaults_ring, serial_shops, shop
Vaults:4: dpeg_vaults_monster_row, grunt_vaults_trifunnel,
          hangedman_vaults_stretched_pinwheel, v_misc_8,
          vaults_room_stairs_pillars, vaults_standard_mumra_lines,
          nicolae_vaults_mini_display_case, vaults_room_door_ring,
          nicolae_vaults_border_crossing, nicolae_vaults_triangles,
          nicolae_vaults_little_squares_4, layout_vaults_maze_snakey,
          serial_glass, serial_shops, nicolae_shop_statue_plus, uniq_jory
Vaults:5
Crypt:1:  cheibrodos_crypt_eye_of_stone, layout_basic, grunt_ministairs_10,
          minmay_misc_feat_pillars, grunt_crypt_arrival_split
Crypt:2:  layout_misc_corridors
Crypt:3:  due_elkab, layout_chaotic_city, st_stairs_6
Tomb:1
Tomb:2
Tomb:3
Depths:1: layout_gridlike, enter_ziggurat_e, nrook_pool_corridor,
          pf_hell_entry_tar_river, serial_shops, nicolae_shop_waterfront,
          nicolae_shop_sticking_my_neck_out, infiniplex_staircase_pool_lava
Depths:2: dreamdust_under_siege, layout_honeycomb,
          chequers_hall_statues_corner_a, rand_demon_pan_entry_5, hell_entry,
          lemuel_flamethrower_3, infiniplex_staircase_zigzag_4,
          grunt_megastairs_3, minmay_shoptagon
Depths:3: minmay_shoctagon, layout_cave_pools, hangedman_decor_diamond_cutter,
          serial_bayou, serial_bayou_crossing, serial_bayou_pond_c,
          serial_bayou_ford_a, serial_bayou_lagoon_a, serial_bayou_lake_a,
          abyss_entry_crystal, hell_entry
Depths:4: grunt_x_marks_the_spot, layout_small_grid, nzn_hepliaklqana_mist_gate,
          special_room [special_room_morgue], hell_entry, drop_trap
Hell
Dis:1:    layout_subdivisions, nicolae_dis_scattering
Dis:2:    hangedman_dis_decor_blocks_talon, layout_overlapping_boxes,
          nicolae_dis_distal_crystal
Dis:3:    layout_regular_city
Dis:4:    layout_jigsaw
Dis:5:    layout_gridville, nicolae_dis_strange_trophy_room
Dis:6:    layout_overlapping_boxes, nicolae_dis_scattering
Tar:1:    layout_grid_maze, grunt_tartarus_stairs_gauntlet_trap
Tar:2:    layout_honeycomb
Tar:3:    layout_grid_maze
Tar:4:    layout_grid_maze
Tar:5:    layout_grid_maze
Tar:6:    layout_honeycomb
Tar:7:    tar_grunt_cathedral

Skill      XL: |  1  2  3  4  5  6  7  8  9 10 11 12 13 14 15 16 17 18 19 20 21 22 23 24 25 26 27 |
---------------+----------------------------------------------------------------------------------+-----
Maces & Flails | 2 3 4 5 6 7 8 9 10 11 12 13 14 15 16 17 18 20 21 26 | 26.7
Fighting       | 3 4 5 6 7 9 10 11 13 15 16 18 19 20 27 | 27.0
Translocations | 3 4 5 7 15 | 15.4
Spellcasting   | 4 5 6 7 9 10 11 13 14 15 16 17 18 19 20 22 23 27 | 27.0
Throwing       | 3 4 |  4.5
Dodging        | 3 4 5 6 7 9 10 11 19 | 19.2
Invocations    | 4 5 6 8 10 15 | 15.2
Earth Magic    | 3 5 6 8 10 11 12 13 14 15 16 17 18 19 20 22 | 22.6
Evocations     | 1 2 6 |  6.9
Transmutations | 2 6 9 10 | 10.1
Armour         | 1 2 4 6 7 9 10 | 10.7
Stealth        | 7 |  7.1
Conjurations   | |  0.7

Action                     |  1- 3 |  4- 6 |  7- 9 | 10-12 | 13-15 | 16-18 | 19-21 | 22-24 | 25-27 || total
---------------------------+-------+-------+-------+-------+-------+-------+-------+-------+-------++-------
  Melee: Mace              |    17 |       |       |       |       |       |       |       |       ||    17
         Dagger            |   107 |    24 |   189 |    21 |       |       |       |       |       ||   341
         Punch             |     4 |       |     8 |     8 |       |       |       |       |       ||    20
         Flail             |    23 |    22 |     3 |   632 |       |       |       |       |       ||   680
         Whip              |       |       |   406 |    59 |       |       |       |       |       ||   465
         Giant spiked club |       |       |       |   137 |   817 |   500 |   986 |   833 |  3516 ||  6789
         Unarmed           |       |       |       |       |       |     7 |       |       |       ||     7
         Hand axe          |       |       |       |       |       |       |    12 |       |       ||    12
         Great mace        |       |       |       |       |       |       |    56 |   452 |   174 ||   682
         Quarterstaff      |       |       |       |       |       |       |    28 |       |       ||    28
         Bite              |       |       |       |       |       |       |       |       |   177 ||   177
  Throw: Dart              |       |    11 |    51 |    18 |     9 |       |     6 |       |       ||    95
         Stone             |       |     1 |    24 |    61 |    31 |       |       |       |       ||   117
         Boomerang         |       |     1 |    10 |    13 |       |       |       |       |       ||    24
         Javelin           |       |       |       |       |       |       |     7 |       |     1 ||     8
         Large rock        |       |       |       |       |       |       |       |       |     3 ||     3
   Cast: Lesser Beckoning  |     1 |       |    14 |    41 |    43 |    67 |   141 |   148 |   440 ||   895
         Blink             |       |     3 |     6 |    10 |     5 |     1 |     1 |     1 |    11 ||    38
         Teleport Other    |       |       |     3 |    18 |       |       |       |       |       ||    21
         Apportation       |       |       |       |    13 |    11 |    10 |    18 |     6 |    40 ||    98
         Manifold Assault  |       |       |       |   123 |   334 |    95 |   173 |   226 |  1137 ||  2088
         Passage of Golubr |       |       |       |       |     2 |     9 |    63 |    19 |    31 ||   124
         Statue Form       |       |       |       |       |    15 |    83 |   133 |   139 |   344 ||   714
         Kindle Blastspark |       |       |       |       |       |     3 |       |       |    10 ||    13
         Iskenderun's Myst |       |       |       |       |       |       |     6 |     4 |       ||    10
         Yara's Violent Un |       |       |       |       |       |       |     8 |     9 |    12 ||    29
         Lee's Rapid Decon |       |       |       |       |       |       |     3 |       |     7 ||    10
         Irradiate         |       |       |       |       |       |       |       |     5 |     3 ||     8
         Dispersal         |       |       |       |       |       |       |       |    14 |     5 ||    19
         Shatter           |       |       |       |       |       |       |       |     2 |    80 ||    82
         Disjunction       |       |       |       |       |       |       |       |       |    10 ||    10
 Invoke: Heal Other        |       |       |       |     1 |       |       |       |       |       ||     1
         Heal Self         |       |       |       |       |       |       |     8 |       |     9 ||    17
         Divine Vigour     |       |       |       |       |       |       |     2 |       |       ||     2
         Divine Shield     |       |       |       |       |       |       |       |       |     1 ||     1
         Summon Divine War |       |       |       |       |       |       |       |       |     1 ||     1
         Brand Weapon With |       |       |       |       |       |       |       |       |     1 ||     1
Ability: End Transformatio |       |       |       |       |       |     2 |     2 |       |     2 ||     6
  Evoke: Wand              |       |       |       |     4 |       |       |    10 |       |     3 ||    17
         Phial of floods   |       |       |       |       |       |       |       |     1 |     2 ||     3
         Phantom mirror    |       |       |       |       |       |       |       |       |     2 ||     2
         Box of beasts     |       |       |       |       |       |       |       |       |     1 ||     1
    Use: Scroll            |       |       |       |    23 |    10 |     5 |     5 |     2 |    32 ||    77
         Potion            |       |       |       |       |       |     1 |     2 |     1 |    33 ||    37
   Stab: Sleeping          |     1 |       |       |       |       |       |       |       |       ||     1
         Distracted        |       |       |       |     1 |     2 |     4 |    10 |     8 |     9 ||    34
         Invisible         |       |       |       |       |       |       |     1 |       |       ||     1
 Armour: Robe              |    47 |     6 |   125 |   267 |    45 |       |       |       |       ||   490
         Troll leather arm |       |       |       |       |    58 |     9 |       |       |       ||    67
         Skin              |       |       |       |       |    87 |   492 |   847 |  1057 |  2322 ||  4805
         Swamp dragon scal |       |       |       |       |       |     1 |    17 |       |       ||    18
         Acid dragon scale |       |       |       |       |       |       |       |    39 |    35 ||    74
         Quicksilver drago |       |       |       |       |       |       |       |       |     7 ||     7
  Dodge: Dodged            |    90 |    31 |   300 |   431 |   250 |   322 |   589 |   632 |  1668 ||  4313
  Block: Other             |       |       |       |       |       |       |       |       |     2 ||     2

Table legend: (Time is in decaauts)
 A = Elapsed time spent in this place.
 B = Non-inter-level travel time spent in this place.
 C = Inter-level travel time spent in this place.
 D = Time resting spent in this place.
 E = Time spent auto-exploring this place.
 F = Levels seen in this place.
 G = Mean time per level.
                   A        B        C        D        E       F      G
               +--------+--------+--------+--------+--------+-----+--------+
         Total | 124440 | 109082 |  15358 |  28899 |  40035 | 104 | 1196.5 |
       Dungeon |  23743 |  19628 |   4115 |   4364 |   8351 |  15 | 1582.9 |
        Temple |    384 |    354 |     30 |    127 |    144 |   1 |  384.0 |
          Lair |  10780 |   9275 |   1505 |   3741 |   3254 |   5 | 2156.0 |
         Swamp |   5147 |   4887 |    260 |    584 |   2859 |   4 | 1286.8 |
     Snake Pit |   6583 |   5978 |    605 |   1155 |   3154 |   4 | 1645.8 |
    Slime Pits |   3797 |   3578 |    219 |   1249 |    803 |   5 |  759.4 |
  Orcish Mines |   4665 |   3996 |    669 |   2108 |     88 |   2 | 2332.5 |
   Elven Halls |   6825 |   5953 |    872 |   1323 |   1593 |   3 | 2275.0 |
        Vaults |  15378 |  12812 |   2566 |   2404 |   5288 |   5 | 3075.6 |
         Crypt |   5586 |   4955 |    631 |    798 |   2447 |   3 | 1862.0 |
          Tomb |   5086 |   4616 |    470 |   1894 |   1389 |   3 | 1695.3 |
        Depths |  12995 |  10339 |   2656 |   2975 |   3904 |   4 | 3248.8 |
          Hell |   2927 |   2802 |    125 |   1718 |    793 |   1 | 2927.0 |
           Dis |   2400 |   2126 |    274 |    896 |      0 |   6 |  400.0 |
      Tartarus |   3715 |   3359 |    356 |   1520 |    389 |   7 |  530.7 |
         Abyss |   2882 |   2882 |      0 |     71 |   1145 |   8 |  360.2 |
   Pandemonium |   8053 |   8053 |      0 |    892 |   3774 |  17 |  473.7 |
      Ziggurat |   1011 |   1011 |      0 |    526 |      0 |   9 |  112.3 |
         Sewer |    677 |    677 |      0 |     19 |    397 |   1 |  677.0 |
    Desolation |   1796 |   1796 |      0 |    525 |    258 |   1 | 1796.0 |
               +--------+--------+--------+--------+--------+-----+--------+

Top non-repeatable levels by time:
Depths:2: 6071 daAuts
   Orc:2: 3848 daAuts
   Elf:3: 3724 daAuts
Vaults:5: 3593 daAuts
Vaults:3: 3561 daAuts
  Lair:5: 3313 daAuts
 Crypt:3: 3159 daAuts
Vaults:2: 2936 daAuts
    Hell: 2927 daAuts
Vaults:4: 2926 daAuts
    D:11: 2894 daAuts
  Tomb:1: 2776 daAuts
Depths:1: 2677 daAuts
 Snake:4: 2475 daAuts
    D:15: 2459 daAuts
